 Dungeon Crawl Stone Soup version 0.30-a0-279-g4b46babb21 (webtiles) character file.

Game seed: 4527150811081096568

492 lunkers the Shooter (level 7, -1/60 HPs)
             Began as a Meteoran Wanderer on Oct 17, 2022.
             Slain by a steam dragon (3 damage)
             ... on level 6 of the Dungeon.
             The game lasted 00:04:11 (2289 turns).

lunkers the Shooter (Meteoran Wanderer)             Turns: 2289, Time: 00:04:12

Health: -1/60      AC:  7    Str: 16    XL:     7   Next: 64%
Magic:  17/17      EV: 10    Int: 13    God:
Gold:   171        SH:  0    Dex: 14    Spells: 6/6 levels left

rFire   . . .      SeeInvis .    a - +3 sling
rCold   . . .      Faith    .    (no shield)
rNeg    . . .      Spirit   .    k - +0 scale mail
rPois   .          Reflect  .    (no helmet)
rElec   .          Harm     .    (no cloak)
rCorr   .          Rampage  .    (no gloves)
Will    .....                    (no boots)
Stlth   ..........               (no amulet)
HPRegen 0.30/turn                o - ring of magical power
MPRegen 0.15/turn                (no ring)

@: glowing
A: sense surroundings 1, otherworldly, glowing, explore regen
a: no special abilities


You were on level 6 of the Dungeon.
You visited 1 branch of the dungeon, and saw 6 of its levels.

You collected 171 gold pieces.

Inventory:

Hand Weapons
 a - a +3 sling (weapon)
 b - the +4 sling "Killer Klown's Regret" {vorpal, Fly rPois rF-}
   (You found it on level 2 of the Dungeon)

   Any ammunition fired from it inflicts extra damage upon your enemies.
   rF:        It makes you vulnerable to fire.
   rPois:     It protects you from poison.
   Fly:       It grants you flight.
 t - the +2 glaive "Koinuv" {flame, rPois Will+}
   (You found it on level 4 of the Dungeon)

   It burns those it strikes, dealing additional fire damage.
   Big, fiery blades are also staple armaments of hydra-hunters.
   rPois:     It protects you from poison.
   Will:      It increases your willpower.
Missiles
 w - 5 javelins
Armour
 k - a +0 scale mail (worn)
Jewellery
 o - a ring of magical power (left hand)
 u - a ring of positive energy
Scrolls
 c - a scroll of fear
 g - a scroll of silence {unknown}
 j - 7 scrolls of identify {unknown}
 m - a scroll of teleportation {unknown}
 n - a scroll of amnesia {unknown}
 q - a scroll of enchant weapon {unknown}
 v - a scroll of poison {unknown}
Potions
 d - 2 potions of curing {unknown}
 e - a potion of mutation {unknown}
 f - a potion of degeneration {unknown}
 h - a potion of brilliance {unknown}
 i - 2 potions of berserk rage {unknown}
 l - a potion of haste {unknown}
 p - a potion of flight {unknown}
 r - a potion of cancellation {unknown}
 s - a potion of attraction {unknown}


   Skills:
 + Level 4.4 Fighting
 - Level 6.0 Ranged Weapons
 - Level 1.2 Throwing
 + Level 5.7 Armour
 + Level 2.8 Dodging
 - Level 1.2 Evocations


You had 6 spell levels left.
You didn't know any spells.
Your spell library contained the following spells:

 Spells                   Type           Power      Damage    Failure   Level
 Sting                    Tmut/Pois      0%         1d3       69%         1
 Ignite Poison            Fire/Tmut/Pois 0%         N/A       96%         3
 Animate Armour           Summ/Erth      0%         N/A       100%        4
 Petrify                  Tmut/Erth      0%         N/A       100%        4
 Blade Hands              Tmut           0%         N/A       100%        5
 Iron Shot                Conj/Erth      0%         9d1       100%        6


Dungeon Overview and Level Annotations

Branches:
Dungeon (6/15) Zot: 1212
 Temple: D:4-7

Altars:
Kikubaaqudgha
Sif Muna
Yredelemnul

Annotations:
D:4 1 runed translucent door


Innate Abilities, Weirdness & Mutations

You passively map a small area around you.
You are easily found by Zot.
You glow in the dark.
You regain HP and MP as you explore.


Message History

You are engulfed in a cloud of scalding steam.
Fire: a) +3 sling
Press: ? - help, Q - select action, (/) - cycle Shift-Dir - straight line, f/p - steam dragon
Aim: a steam dragon (65% to hit)
You shoot a sling bullet.
The sling bullet barely misses the steam dragon.
You hear an angry hiss.
The steam dragon breathes steam at you. The ball of steam hits you!
* * * LOW HITPOINT WARNING * * *
You hear a shout!
An adder comes into view.
Fire: a) +3 sling
Press: ? - help, Q - select action, (/) - cycle Shift-Dir - straight line, f/p - steam dragon
Aim: a steam dragon (65% to hit)
You shoot a sling bullet.
The sling bullet completely misses the steam dragon.
The sling bullet misses the adder.
You are engulfed in a cloud of scalding steam.
The steam dragon bites you!
* * * LOW HITPOINT WARNING * * *
The steam dragon claws you.
* * * LOW HITPOINT WARNING * * *
Fire: a) +3 sling
Press: ? - help, Q - select action, (/) - cycle Shift-Dir - straight line, f/p - steam dragon
Aim: a steam dragon (65% to hit)
You shoot a sling bullet.
The sling bullet barely misses the steam dragon.
The sling bullet hits the adder.
The adder is moderately wounded.
You are engulfed in a cloud of scalding steam.
* * * LOW HITPOINT WARNING * * *
The steam dragon barely misses you. The steam dragon claws you.
* * * LOW HITPOINT WARNING * * *
A gnoll comes into view. It is wielding a +0 spear.
The steam dragon attacks as you move away!
The steam dragon bites you.
* * * LOW HITPOINT WARNING * * *
The steam dragon claws you.
You die...

..#.. ..
...g##. , * *
*, , .).,#, ,*
* * ....## *
*#.#..# , ,
#....# * ,, ,*
#S# , * * ,
#D# , ** *
#######@# , *
#...)..§# , ,
,* #.####### *
######<# ,
#......#
#.♣♣♣♣'♣♣♣♣##
#.'.......+.##
,
##♣.≈.).≈.♣..#
* ♣.≈._.≈.♣#.#
*


You could see a steam dragon, a gnoll and an adder.

Vanquished Creatures
  2 ogres (D:4)
  Terence (D:2)
  2 iguanas
  2 orc wizards (D:3)
  2 gnolls (D:6)
  6 adders
  A shadow imp (D:5)
  An ufetubus (D:5)
  4 worms
  2 dart slugs
  10 orcs
  5 bats
  4 endoplasms
  3 giant cockroaches
  7 goblins
  10 hobgoblins
  7 jackals
  2 quokkas
  3 ball pythons
  7 frilled lizards
  A jackal zombie (D:4)
  5 kobolds
  11 rats
98 creatures vanquished.

Notes
Turn   | Place    | Note
-------+----------+-------------------------------------------
     0 | D:1      | lunkers the Meteoran Wanderer began the quest for the Orb.
     0 | D:1      | lunkers set off with the following items: a +3 sling, a +0
                  | scale mail, a scroll of fear.
     0 | D:1      | Reached XP level 1. HP: 17/17 MP: 2/2
    61 | D:1      | Reached XP level 2. HP: 23/24 MP: 3/3
    69 | D:1      | Reached skill level 3 in Ranged Weapons
   236 | D:1      | Reached XP level 3. HP: 29/29 MP: 4/4
   434 | D:2      | Reached skill level 4 in Ranged Weapons
   603 | D:2      | Reached XP level 4. HP: 19/36 MP: 5/5
   711 | D:2      | Identified the +4 sling "Killer Klown's Regret" {vorpal,
                  | Fly rPois rF-}
   847 | D:2      | Noticed Terence
   859 | D:2      | Reached skill level 5 in Ranged Weapons
   859 | D:2      | Reached XP level 5. HP: 32/41 MP: 6/6
   863 | D:2      | Killed Terence
   980 | D:3      | Reached skill level 6 in Ranged Weapons
  1014 | D:3      | Found a shimmering blue altar of Sif Muna.
  1040 | D:3      | Reached XP level 6. HP: 48/48 MP: 7/7
  1534 | D:4      | Found a runed translucent door.
  1534 | D:4      | Noticed a human
  1537 | D:4      | Found a basalt altar of Yredelemnul.
  1538 | D:4      | Noticed an ogre
  1542 | D:4      | Killed an ogre
  1543 | D:4      | Reached skill level 5 in Armour
  1543 | D:4      | Reached skill level 1 in Dodging
  1543 | D:4      | Reached XP level 7. HP: 58/58 MP: 8/8
  1559 | D:4      | Identified the +2 glaive "Koinuv" {flame, rPois Will+}
  1791 | D:4      | Got the Anthology of Forms
  1927 | D:5      | Entered Level 5 of the Dungeon
  2152 | D:6      | Found an ancient bone altar of Kikubaaqudgha.
  2168 | D:6      | Noticed a steam dragon
  2289 | D:6      | HP: 2/60 [steam dragon (6)]
  2289 | D:6      | Slain by a steam dragon

Illustrated notes

Levels and vault maps discovered:
D:1:      ebering_trefoil_twist, layout_rooms,
          wander_ebering_terrifying_dragon_lair
D:2:      layout_loops_ring, uniq_terence
D:3:      layout_basic, nicolae_sif_muna_condensation, nicolae_titane
D:4:      layout_basic, dk_yredelemnul_ordeal
D:5:      layout_cave_pods, mainiacjoe_overflow_alcove_4
D:6:      layout_basic, mainiacjoe_overflow_six_doors_small, minitemple,
          minmay_temple_entry_slanted, hangedman_decor_diamond_cutter,
          nicolae_zen_rock_garden, uniq_duvessa, uniq_pikel

Skill      XL: |  1  2  3  4  5  6  7 |
---------------+----------------------+-----
Ranged Weapons | 3 4 5 6 |  6.0
Fighting       | 3 4 |  4.4
Armour         | 5 |  5.7
Dodging        | 1 2 |  2.8
Throwing       | |  1.2
Evocations     | |  1.2

Action                   |  1- 3 |  4- 6 |  7- 9 || total
-------------------------+-------+-------+-------++-------
 Fire: Sling             |   104 |   139 |    57 ||   300
Armor: Scale mail        |    32 |    40 |     5 ||    77
Dodge: Dodged            |    25 |    21 |     6 ||    52

Table legend: (Time is in decaauts)
 A = Elapsed time spent in this place.
 B = Non-inter-level travel time spent in this place.
 C = Inter-level travel time spent in this place.
 D = Time resting spent in this place.
 E = Time spent auto-exploring this place.
 F = Levels seen in this place.
 G = Mean time per level.
                   A        B        C        D        E       F      G
               +--------+--------+--------+--------+--------+-----+--------+
         Total |   2387 |   2292 |     95 |      0 |   1703 |   6 |  397.8 |
       Dungeon |   2387 |   2292 |     95 |      0 |   1703 |   6 |  397.8 |
               +--------+--------+--------+--------+--------+-----+--------+

Top non-repeatable levels by time:
     D:2: 542 daAuts
     D:3: 508 daAuts
     D:4: 506 daAuts
     D:1: 458 daAuts
     D:5: 229 daAuts
     D:6: 143 daAuts
